 Dungeon Crawl Stone Soup version 0.18.1-47-g9310371 (webtiles) character file.

653 juanjsm the Sneak (level 7, 0/32 HPs)
             Began as a Spriggan Enchanter on June 22, 2016.
             Slain by Rationalist's ghost (9 damage)
             ... on level 6 of the Dungeon.
             The game lasted 00:18:11 (4262 turns).

juanjsm the Sneak (Spriggan Enchanter)              Turns: 4262, Time: 00:18:11

Health: 0/32       AC:  3    Str:  4    XL:     7   Next: 29%
Magic:  11/14      EV: 20    Int: 17    God:
Gold:   220        SH:  0    Dex: 18    Spells: 4 memorised, 5 levels left

rFire  . . .     SeeInvis +     a - +1 dagger
rCold  . . .     Gourm    .     b - +1 robe
rNeg   . . .     Faith    .     (shield restricted)
rPois  .         Spirit   .     (helmet restricted)
rElec  .         Dismiss  .     (no cloak)
rCorr  .         Reflect  .     (gloves unavailable)
SustAt .         Harm     .     (boots unavailable)
MR     +....     Rnd*Tele +     (no amulet)
Stlth  ++........               (no ring)
                                q - ring of teleportation (curse)

@: very slightly contaminated, very quick, somewhat resistant to hostile
enchantments, unstealthy
A: unfitting armour, see invisible, herbivore 3, speed 3, slow metabolism 2
a: no special abilities


You were on level 6 of the Dungeon.
You were not hungry.

You visited 1 branch of the dungeon, and saw 6 of its levels.

You collected 220 gold pieces.

Inventory:

Hand Weapons
 a - a +1 dagger (weapon)
 y - a cursed -2 hand axe
 A - a +0 blowgun
Missiles
 k - 43 poisoned needles
 x - a throwing net (quivered)
 D - 3 needles of confusion
Armour
 b - a +1 robe (worn)
Jewellery
 q - a cursed ring of teleportation (left hand)
 t - an uncursed amulet of harm
 u - an uncursed amulet of guardian spirit
Scrolls
 f - a scroll of enchant weapon {unknown}
 g - 3 scrolls of amnesia {unknown}
 j - 4 scrolls of identify {unknown}
 l - a scroll of recharging {unknown}
 m - 3 scrolls of enchant armour {unknown}
 n - 6 scrolls of remove curse {unknown}
 r - 3 scrolls of teleportation {unknown}
 s - 2 scrolls of immolation {unknown}
Potions
 i - a potion of agility {unknown}
 o - a potion of haste {unknown}
 p - a potion of berserk rage {unknown}
 v - a potion of heal wounds {unknown}
 w - a potion of cancellation {unknown}
 z - a potion of cure mutation {unknown}
 B - a potion of ambrosia {unknown}
 C - a potion of degeneration {unknown}
Books
 c - a book of Maledictions

   Spells                             Type                      Level
   a - Corona                         Hexes                        1
   b - Ensorcelled Hibernation        Hexes/Ice                    2
   c - Confuse                        Hexes                        3
   d - Tukima's Dance                 Hexes                        3
   e - Dazzling Spray                 Conjuration/Hexes            3
Comestibles
 d - 2 bread rations


   Skills:
 + Level 0.5 Fighting
 * Level 3.6 Short Blades
 + Level 4.2 Dodging
 + Level 7.6 Stealth
 + Level 4.4 Spellcasting
 + Level 5.7 Hexes
 + Level 1.8 Ice Magic


You had 5 spell levels left.
You knew the following spells:

 Your Spells              Type           Power        Failure   Level  Hunger
a - Corona                Hex            ###....      1%          1    None
b - Ensorcelled Hibernat  Hex/Ice        ###...       6%          2    ##.....
c - Confuse               Hex            ###.....     6%          3    ###....
d - Dazzling Spray        Conj/Hex       ##....       17%         3    ###....


Dungeon Overview and Level Annotations

Branches:
Dungeon (6/15)
 Temple: D:4-7

Altars:
Nemelex Xobeh
Pakellas
Trog
Yredelemnul

Annotations:
D:6 Rationalist's ghost, novice MiBe


Innate Abilities, Weirdness & Mutations

You are tiny and cannot use many weapons and most armour.
You have supernaturally acute eyesight.
You are a herbivore.
You cover ground extremely quickly.
You need consume almost no food.


Message History

Drink which item? (? for menu, Esc to quit)
It was a potion of curing.
You feel better.
Rationalist's ghost hits you but does no damage.
The centaur misses you. The centaur completely misses you.
Drink which item? (? for menu, Esc to quit)
It was a potion of magic.
Magic courses through your body. The centaur closely misses you.
The centaur hits you.
* * * LOW HITPOINT WARNING * * *
Rationalist's ghost completely misses you.
The centaur closely misses you. The centaur barely misses you.
A giant frog comes into view.
Casting: Ensorcelled Hibernation
Confirm with . or Enter, or press ? or * to list all spells.
Aiming: Dazzling Spray
Press: ? - help, Shift-Dir - straight line, f - centaur, p - centaur
Aim: a centaur You miscast Dazzling Spray.
You are very lightly contaminated with residual magic.
Nothing appears to happen.
Rationalist's ghost hits you!
You die...

..≈≈≈≈≈≈≈≈≈≈≈≈≈
..≈≈≈≈≈≈≈≈≈≈≈≈≈.
..≈≈≈≈≈≈≈≈≈≈≈≈≈#
..≈≈≈≈≈≈≈≈≈≈≈≈≈#
..≈≈≈≈≈...≈≈≈≈≈#
..≈≈≈≈≈...≈≈≈≈≈#
.$≈≈≈≈Wcc.≈≈≈≈≈#
..≈≈≈≈≈@≈≈≈≈≈≈≈#
..≈≈≈≈≈≈≈≈≈≈≈≈≈#
..≈≈≈≈≈≈≈≈≈≈≈≈≈.#
..≈≈h≈≈≈≈≈≈≈≈≈≈..
#.≈≈≈≈≈≈≈≈≈≈≈≈≈##
#......(...(##.#
..##F.$....(. #
#. #...#..#.##
.......#.#


You could see a giant frog, 2 centaurs, a howler monkey and Rationalist's ghost.

Vanquished Creatures
  A centaur (D:6)
  A giant frog (D:6)
  2 scorpions (D:4)
  2 giant frog skeletons (D:4)
  A jelly (D:4)
  2 orc wizards (D:3)
  An iguana (D:3)
  2 worker ants
  3 gnolls (D:4)
  5 adders
  3 dart slugs
  3 giant geckos
  8 orcs
  2 ball pythons (D:2)
  14 bats
  11 giant cockroaches
  11 goblins
  9 hobgoblins
  6 jackals (D:1)
  3 quokkas
  A giant gecko skeleton (D:4)
  4 giant newts
  12 kobolds
  A quokka skeleton (D:4)
  6 rats
114 creatures vanquished.

Vanquished Creatures (others)
  An orc (D:3)
1 creature vanquished.

Grand Total: 115 creatures vanquished

Notes
Turn   | Place    | Note
--------------------------------------------------------------
     0 | D:1      | juanjsm the Spriggan Enchanter began the quest for the Orb.
     0 | D:1      | Reached XP level 1. HP: 9/9 MP: 5/5
   167 | D:1      | Reached XP level 2. HP: 13/13 MP: 3/6
   178 | D:1      | Learned a level 2 spell: Ensorcelled Hibernation
   433 | D:1      | Reached XP level 3. HP: 7/16 MP: 0/8
   507 | D:1      | Learned a level 3 spell: Confuse
   668 | D:2      | Found a basalt altar of Yredelemnul.
   698 | D:2      | Reached skill level 5 in Stealth
  1120 | D:2      | Found a bloodstained altar of Trog.
  1162 | D:2      | Reached XP level 4. HP: 20/21 MP: 1/9
  1776 | D:3      | Learned a level 3 spell: Dazzling Spray
  2020 | D:3      | Reached XP level 5. HP: 23/24 MP: 8/11
  2121 | D:3      | Reached skill level 6 in Stealth
  2823 | D:3      | Reached skill level 1 in Ice Magic
  2914 | D:3      | Found an oddly glowing altar of Pakellas.
  3268 | D:5      | Entered Level 5 of the Dungeon
  3285 | D:4      | Reached XP level 6. HP: 29/29 MP: 7/12
  3522 | D:4      | Found a bloodstained altar of Trog.
  3529 | D:4      | Reached skill level 5 in Hexes
  3647 | D:4      | Found a sparkling altar of Nemelex Xobeh.
  3652 | D:4      | Reached skill level 7 in Stealth
  4168 | D:5      | Reached XP level 7. HP: 32/32 MP: 5/14
  4253 | D:6      | Noticed Rationalist's ghost (novice MiBe)
  4262 | D:6      | Slain by Rationalist's ghost

Skill      XL: |  1  2  3  4  5  6 |
---------------+-------------------+-----
Hexes          | 4 5 |  5.7
Spellcasting   | 3 4 |  4.4
Stealth        | 5 6 7 |  7.6
Short Blades   | 2 3 |  3.6
Dodging        | 4 |  4.2
Ice Magic      | 1 |  1.8
Fighting       | |  0.5

Action                   |  1- 3 |  4- 6 |  7- 9 || total
-------------------------+-------+-------+-------++-------
Melee: Dagger            |   125 |   139 |     2 ||   266
 Cast: Corona            |     6 |       |       ||     6
       Ensorcelled Hiber |    21 |    74 |     3 ||    98
       Confuse           |     3 |     3 |       ||     6
  Use: Potion            |       |       |     2 ||     2
 Stab: Sleeping          |    27 |    54 |     2 ||    83
       Confused          |       |     1 |       ||     1
  Eat: Royal jelly       |       |     2 |       ||     2
       Bread ration      |       |     1 |       ||     1
Armor: Robe              |    13 |    20 |     1 ||    34
Dodge: Dodged            |    96 |   133 |    18 ||   247
